Map: Heavy Artillery LE

Players

FakeDumpling

  • Race: Terran Terran
  • League: Platinum
  • Spawn Location: 7:00

Potatolisk

  • Race: Protoss Protoss
  • League: Diamond
  • Spawn Location: 7:00

Massa - Winner!

  • Race: Terran Terran
  • League: Gold
  • Spawn Location: 1:00

qqq - Winner!

  • Race: Zerg Zerg
  • League: Platinum
  • Spawn Location: 3:00

VOD

Have the link to the VOD?

Description

Time

  • Played on: July 26, 2020, 10:50 a.m.
  • Length: 18:19
Show
View Real Time Build Order
Export as new Build Order

FakeDumpling Terran 

Build Orders:  

Get SALT Encoding   

  12  0:00  SCV  
  13  0:22  SCV  
  13  0:23  Supply Depot  
  14  0:35  Refinery  
  14  0:46  Barracks  
  14  0:52  SCV  
  15  1:03  Barracks  
  15  1:04  SCV  
  16  1:17  SCV  
  17  1:29  SCV  
  18  1:34  Reaper, Supply Depot  
  19  1:47  SCV  
  19  1:50  Reaper  
  21  1:56  Supply Depot  
  21  2:00  Orbital Command  
  21  2:06  Reaper  
  22  2:14  Refinery  
  22  2:24  Reaper  
  23  2:42  SCV  
  23  2:43  Reaper  
  25  2:48  Command Center  
  23  3:23  Marine x2  
  23  3:24  SCV  
  26  3:36  SCV  
  26  3:40  Marine  
  28  3:48  SCV, Factory  
  27  4:01  Command Center  
  27  4:02  Marine x2  
  28  4:05  Orbital Command  
  28  4:07  SCV  
  29  4:19  SCV  
  29  4:23  Engineering Bay  
  30  4:31  SCV  
  31  4:40  Barracks Tech Lab  
  31  4:42  Marine  
  31  4:44  SCV, Factory Tech Lab  
  31  4:45  Starport  
  33  4:48  SCV  
  34  4:53  Refinery  
  34  4:54  Refinery  
  34  4:56  SCV  
  34  4:59  Marine  
  35  5:00  SCV  
  35  5:03  Terran Infantry Weapons Level 1  
  37  5:07  Missile Turret  
  37  5:08  SCV  
  38  5:14  Refinery  
  38  5:15  Siege Tank  
  38  5:17  Marine  
  38  5:19  Stimpack  
  42  5:23  SCV  
  43  5:30  Missile Turret  
  43  5:31  Marine  
  43  5:32  Medivac  
  43  5:35  Marine  
  46  5:37  Orbital Command  
  46  5:40  SCV  
  46  5:42  SCV  
  49  5:49  Marine  
  50  5:52  Supply Depot  
  50  5:53  Marine  
  50  5:55  SCV x2  
  50  5:56  Missile Turret  
  53  6:05  Missile Turret  
  53  6:06  Marine  
  53  6:10  SCV  
  55  6:12  SCV  
  55  6:14  SCV  
  57  6:20  Marine  
  57  6:21  Starport Tech Lab  
  57  6:22  SCV  
  59  6:28  Missile Turret  
  59  6:30  SCV x2  
  59  6:32  Missile Turret  
  61  6:34  SCV  
  61  6:35  Armory  
  62  6:42  SCV  
  63  6:50  Missile Turret  
  63  6:53  Marine x2  
  65  6:55  Cyclone  
  68  7:08  Terran Infantry Armor Level 1  
  61  7:09  Refinery  
  60  7:16  SCV x3  
  60  7:18  Viking  
  60  7:22  Combat Shield  
  65  7:23  Supply Depot  
  65  7:28  SCV  
  65  7:29  SCV x2  
  68  7:33  Drilling Claws  
  68  7:35  Cloaking Field  
  68  7:37  Terran Vehicle Weapons Level 1  
  68  7:40  SCV  
  68  7:41  SCV  
  70  7:54  Command Center  
  70  8:11  Marine x2  
  70  8:12  Thor  
  72  8:15  SCV x2  
  80  8:29  Marine x2  
  68  8:46  SCV  
  68  8:47  Marine x2  
  71  8:50  Banshee  
  71  8:52  Mag-Field Accelerator  
  71  8:53  SCV x2  
  71  8:54  Hyperflight Rotors  
  71  8:55  Thor  
  76  8:58  SCV  
  76  9:02  Hi-Sec Auto Tracking  
  83  9:05  SCV x2  
  83  9:06  SCV  
  86  9:10  Starport, SCV  
  85  9:17  SCV  
  86  9:31  Marine x2  
  86  9:32  Terran Ship Weapons Level 1  
  86  9:33  Banshee, Command Center  
  86  9:35  Concussive Shells  
  86  9:37  Orbital Command, Missile Turret  
  86  9:38  Thor  
  91  9:42  Missile Turret  
  97  9:47  Fusion Core  
  97  9:49  Marine x2  
  99  9:57  Missile Turret  
  99  9:59  Neosteel Armor  
  99  10:02  Missile Turret  
  99  10:07  Marine x2  
  100  10:16  Banshee  
  100  10:17  Missile Turret  
  100  10:21  Thor  
  101  10:22  Sensor Tower  
  101  10:25  Marine x2  
  101  10:39  Missile Turret  
  95  10:43  Marine x2  
  95  10:48  Missile Turret  
  97  10:53  Planetary Fortress  
  97  10:54  SCV  
  97  10:55  SCV x3  
  101  10:59  Banshee  
  101  11:00  Marine x2  
  101  11:02  Missile Turret  
  101  11:04  Thor  
  111  11:10  Missile Turret  
  111  11:11  Missile Turret  
  111  11:18  Marine x2  
  111  11:25  Weapon Refit, Starport Tech Lab  
  113  11:26  Terran Vehicle And Ship Armor Level 1  
  106  11:34  Starport  
  106  11:36  Marine x2  
  102  11:46  Thor  
  102  11:51  Liberator, Battlecruiser  
  102  11:54  Starport, Marine x2  
  113  12:01  Command Center  
  113  12:03  Missile Turret  
  113  12:05  Refinery  
  113  12:06  SCV  
  113  12:07  Refinery  
  114  12:12  Marine x2  
  113  12:19  SCV  
  114  12:24  Starport Tech Lab  
  114  12:25  Missile Turret  
  114  12:26  Terran Infantry Weapons Level 2  
  114  12:29  Marine, Thor  
  120  12:30  Marine  
  120  12:31  SCV  
  120  12:33  Starport  
  123  12:43  SCV  
  122  12:45  Missile Turret  
  122  12:47  Marine x2, Battlecruiser  
  122  12:48  Starport Tech Lab  
  122  12:49  Battlecruiser  
  111  12:55  SCV, Battlecruiser  
  106  13:02  Starport  
  106  13:05  Marine x2  
  100  13:07  Missile Turret  
  100  13:12  Orbital Command, Thor  
  93  13:17  Missile Turret  
  93  13:20  Terran Ship Weapons Level 2  
  93  13:23  Marine x2  
  93  13:25  Starport Tech Lab  
  93  13:27  Battlecruiser  
  93  13:28  Missile Turret  
  99  13:41  Marine x2  
  100  13:44  SCV  
  102  13:51  SCV x2  
  102  13:52  SCV  
  102  13:54  Planetary Fortress  
  105  13:56  SCV  
  105  14:00  Missile Turret  
  105  14:01  Missile Turret  
  105  14:03  SCV x2  
  105  14:08  SCV  
  107  14:12  Starport Tech Lab  
  107  14:30  Missile Turret x2  
  107  14:40  Thor  
  107  14:50  SCV x5, Marine, Missile Turret  
  107  14:53  Missile Turret  
  107  15:00  Marine  
  107  15:02  SCV x2  
  107  15:03  Battlecruiser  
  107  15:04  SCV, Battlecruiser  
  107  15:05  SCV x2  
  107  15:07  Marine, Battlecruiser  
  107  15:08  Battlecruiser  
  107  15:13  Refinery, Missile Turret  
  106  15:14  SCV  
  106  15:16  SCV  
  106  15:17  SCV  
  106  15:18  Marine  
  103  15:25  Marine  
  103  15:26  SCV  
  105  15:32  Supply Depot  
  105  15:36  Marine  
  105  15:37  Refinery  
  105  15:38  SCV  
  107  15:51  Marine  
  107  15:54  Marine, Battlecruiser  
  107  15:55  Supply Depot  
  114  16:06  Missile Turret  
  114  16:09  Marine  
  113  16:12  Marine  
  113  16:16  Thor  
  113  16:19  Supply Depot  
  112  16:27  Marine, Missile Turret  
  112  16:29  Marine  
  101  16:38  Missile Turret  
  96  16:42  Supply Depot  
  96  16:44  Marine  
  78  16:51  Battlecruiser  
  78  16:58  Battlecruiser  
  78  16:59  Thor  
  78  17:01  Missile Turret  
  90  17:07  SCV  
  83  17:19  SCV, Missile Turret  
  83  17:21  Missile Turret  
  83  17:22  Missile Turret  
  84  17:25  Missile Turret  
  75  17:31  SCV  
  87  17:39  Barracks  
  87  17:41  Command Center, Missile Turret  
  89  17:48  Command Center  
  89  17:49  Missile Turret  
  85  18:05  Missile Turret  
Show
View Real Time Build Order
Export as new Build Order

Potatolisk Protoss 

Build Orders:  

Get SALT Encoding   

  12  0:01  Probe  
  13  0:14  Probe  
  14  0:18  Pylon  
  14  0:26  Probe  
  15  0:35  Probe  
  15  0:37  Gateway  
  16  0:43  Probe  
  17  0:53  Probe, Assimilator  
  18  1:05  Probe  
  19  1:24  Cybernetics Core  
  19  1:32  Probe  
  20  2:00  Pylon  
  20  2:23  Forge, Robotics Facility  
  20  2:42  Pylon  
  20  2:53  Probe  
  20  2:56  Assimilator  
  20  2:57  Immortal  
  21  3:02  Probe  
  21  3:03  Photon Cannon  
  21  3:05  Shield Battery  
  21  3:07  Shield Battery  
  21  3:12  Probe  
  26  3:14  Photon Cannon  
  26  3:16  Shield Battery  
  26  3:19  Pylon  
  27  3:23  Photon Cannon  
  27  3:27  Pylon  
  27  3:29  Warp Prism  
  29  4:05  Immortal  
  33  4:25  Shield Battery x2  
  33  5:04  Shield Battery  
  33  5:05  Shield Battery  
  33  5:06  Shield Battery, Immortal  
  33  5:08  Shield Battery  
  33  5:09  Pylon  
  33  5:12  Photon Cannon  
  33  5:13  Pylon  
  32  6:25  Immortal  
  36  6:46  Probe  
  37  6:54  Immortal  
  37  6:58  Probe  
  34  7:56  Photon Cannon x2  
  34  7:57  Photon Cannon, Shield Battery  
  34  8:00  Shield Battery  
  34  8:02  Observer  
  15  8:20  Immortal  
  15  8:21  Probe  
  20  8:29  Probe  
  21  8:39  Probe  
  21  8:47  Pylon  
  22  8:51  Probe  
  22  8:53  Immortal  
  23  9:10  Photon Cannon  
  23  9:11  Photon Cannon  
  23  9:12  Shield Battery  
  23  9:37  Pylon  
  19  9:50  Warp Gate  
  19  9:53  Probe  
  20  10:13  Probe  
  21  10:25  Probe  
  11  13:01  Nexus  
  11  13:04  Assimilator  
  11  13:09  Assimilator  
  11  13:17  Zealot  
  13  13:28  Protoss Air Weapons Level 1  
  13  14:19  Zealot  
  15  14:25  Gateway  
  15  14:27  Gateway  
  13  15:36  Protoss Air Armor Level 1  
  13  16:54  Probe  
  14  17:07  Probe  
  15  17:19  Probe  
  16  17:27  Zealot x3  
  22  17:31  Probe  
  21  17:43  Probe  
Show
View Real Time Build Order
Export as new Build Order

Massa Terran - Winner!

Build Orders:  

Get SALT Encoding   

  12  0:01  SCV  
  13  0:14  SCV  
  14  0:18  Supply Depot  
  14  0:26  SCV  
  15  0:40  SCV  
  16  0:43  Barracks  
  16  0:52  SCV  
  16  0:53  Refinery  
  17  1:04  SCV  
  18  1:16  SCV  
  19  1:28  SCV  
  20  1:33  Supply Depot  
  20  1:37  Reaper  
  21  1:40  SCV  
  22  1:54  Orbital Command, Command Center  
  22  2:01  Supply Depot  
  22  2:09  Reaper  
  23  2:21  SCV  
  24  2:25  Barracks  
  24  2:33  SCV  
  24  2:41  Reaper  
  24  3:06  SCV x2  
  25  3:14  Reaper  
  25  3:18  SCV x2  
  27  3:21  Barracks  
  27  3:25  Command Center  
  27  3:29  Factory  
  27  3:30  SCV  
  28  3:46  Reaper  
  28  3:59  Supply Depot  
  28  4:01  Barracks Tech Lab  
  28  4:11  Barracks Tech Lab  
  28  4:14  Factory Tech Lab  
  28  4:23  Supply Depot  
  27  4:27  Marauder, Marine  
  30  4:45  Marine  
  30  4:46  Marauder  
  30  4:49  Marauder  
  30  4:50  SCV  
  30  4:51  Refinery  
  35  5:02  SCV  
  35  5:03  Marine  
  35  5:04  Barracks  
  35  5:05  Widow Mine  
  39  5:10  Marauder  
  39  5:12  Refinery  
  39  5:13  Orbital Command  
  39  5:14  Refinery, SCV x2  
  41  5:21  Marine  
  42  5:26  SCV x2  
  42  5:27  Widow Mine  
  46  5:31  Marauder  
  48  5:38  SCV  
  49  5:48  Siege Tank  
  52  5:50  SCV  
  44  5:59  Orbital Command  
  44  6:00  Command Center  
  44  6:02  SCV  
  45  6:14  Marine  
  45  6:15  Marauder  
  46  6:19  Barracks Tech Lab  
  43  6:26  Widow Mine  
  43  6:32  Barracks, Marine  
  41  6:35  Orbital Command  
  41  6:36  Marauder  
  44  6:47  Marauder  
  44  6:50  Marine  
  46  6:57  Marauder  
  40  7:06  SCV x3  
  40  7:08  Marauder, Marine  
  44  7:18  SCV x3  
  44  7:19  Marauder  
  46  7:26  Marine  
  47  7:30  Barracks Reactor, SCV, Marauder  
  48  7:40  Marauder  
  48  7:44  Marine  
  51  7:48  Engineering Bay  
  53  7:51  Marauder  
  53  7:56  Supply Depot  
  53  8:02  Marauder  
  55  8:09  Refinery  
  56  8:13  Marauder  
  56  8:20  Supply Depot  
  56  8:23  Marauder  
  56  8:42  Missile Turret  
  56  8:43  Missile Turret  
  56  8:47  SCV x3  
  59  8:55  SCV  
  57  8:59  SCV x2  
  57  9:00  SCV  
  60  9:04  Marauder x2, Marine  
  60  9:05  Marine x2  
  60  9:07  SCV  
  66  9:11  Factory  
  66  9:17  Barracks  
  66  9:19  SCV  
  66  9:22  Marine x2  
  66  9:23  Marine  
  70  9:24  Stimpack  
  70  9:25  Marauder x2  
  70  9:31  SCV  
  74  9:40  Marine x2  
  74  9:41  Marine  
  74  9:43  SCV  
  77  9:47  Marauder x2  
  81  9:58  Marine  
  82  10:08  Orbital Command, Marauder x2  
  80  10:29  Marauder  
  80  10:30  Marauder  
  80  10:34  Marine x2  
  86  10:42  SCV x4  
  90  10:51  Marauder x2  
  90  10:54  SCV x4  
  90  10:55  Command Center  
  98  11:02  Missile Turret x2  
  98  11:04  Missile Turret  
  98  11:05  Factory Tech Lab, Missile Turret  
  98  11:06  SCV  
  99  11:11  Terran Infantry Armor Level 1  
  99  11:12  Starport, Marauder x2  
  99  11:13  Armory  
  103  11:19  Engineering Bay  
  103  11:36  Concussive Shells  
  103  11:40  Combat Shield  
  99  12:02  Marauder x2, Marine  
  99  12:03  Marine x3  
  109  12:08  Widow Mine  
  109  12:20  Marine  
  109  12:21  Marine x3  
  113  12:23  Marauder x2  
  119  12:30  Widow Mine  
  119  12:31  Orbital Command  
  119  12:33  SCV x4  
  123  12:40  Marine x2  
  123  12:46  SCV, Marauder  
  123  12:48  SCV, Marauder  
  123  12:49  SCV  
  123  12:53  SCV, Marine  
  123  12:55  Marine  
  123  12:58  Widow Mine, SCV, Marine x2  
  123  13:16  Marine  
  123  13:17  SCV x2  
  123  13:18  Marine  
  123  13:19  SCV x2, Marine  
  123  13:20  Marine  
  123  13:22  Marauder  
  123  13:23  Widow Mine  
  123  13:24  Marauder  
  117  13:29  SCV  
  117  13:31  SCV x2  
  100  13:34  Marine  
  100  13:35  Marine  
  100  13:37  Marine  
  100  13:38  Marine  
  104  13:41  SCV  
  104  13:43  Refinery, Marauder  
  104  13:45  Widow Mine  
  104  13:46  Refinery, Marauder  
  111  13:50  Terran Vehicle And Ship Armor Level 1  
  111  13:52  Marine  
  112  14:05  Marauder, Thor  
  112  14:07  Marauder  
  122  14:15  Marine  
  122  14:16  Marine x3  
  123  14:26  Supply Depot  
  123  14:27  Marauder, Supply Depot x2  
  122  14:32  Marauder  
  122  14:34  Command Center  
  123  14:48  Marine x4, Medivac  
  123  14:49  Marauder  
  123  14:51  Supply Depot  
  123  14:52  Supply Depot  
  131  14:54  Supply Depot  
  131  15:01  Marauder  
  131  15:02  Thor  
  131  15:06  Marine x4  
  129  15:10  Marine  
  129  15:14  Supply Depot  
  130  15:17  Supply Depot  
  130  15:18  Medivac  
  129  15:22  Marine  
  129  15:24  Marine x4  
  129  15:27  Marine  
  121  15:40  Marine  
  121  15:42  Marine x4  
  114  15:44  Terran Vehicle Weapons Level 1  
  114  15:46  Widow Mine, Marauder  
  114  15:48  Medivac  
  118  15:58  Marauder  
  118  15:59  Marine x3  
  118  16:00  Marine  
  124  16:06  Orbital Command  
  124  16:07  Widow Mine, Marauder  
  122  16:14  Barracks  
  122  16:15  Barracks  
  122  16:17  Marine x4  
  119  16:19  Marauder  
  119  16:24  Engineering Bay x2  
  120  16:28  Thor  
  120  16:29  Marauder  
  128  16:41  Marauder  
  128  16:50  Marauder  
  130  17:02  Marauder  
  130  17:11  Marauder  
  129  17:24  Marauder  
Show
View Real Time Build Order
Export as new Build Order

qqq Zerg - Winner!

Build Orders: Hatch First 

Get SALT Encoding   

  12  0:02  Drone  
  13  0:09  Drone  
  14  0:41  Hatchery  
  13  0:52  Spawning Pool  
  12  0:59  Overlord  
  12  1:04  Drone  
  12  1:06  Drone  
  14  1:18  Drone  
  15  1:21  Extractor  
  15  1:22  Drone  
  15  1:38  Drone  
  16  1:44  Drone  
  16  1:46  Queen  
  19  1:53  Queen  
  21  1:55  Drone  
  21  2:01  Drone  
  23  2:04  Drone  
  23  2:08  Drone  
  25  2:21  Drone  
  26  2:24  Metabolic Boost  
  26  2:26  Zergling x2  
  26  2:27  Zergling x2  
  28  2:38  Overlord  
  28  2:39  Overlord  
  28  2:58  Zergling x4  
  28  2:59  Zergling x4  
  28  3:00  Drone x3  
  30  3:32  Queen  
  30  3:33  Drone x3  
  30  3:34  Zergling x6  
  36  3:45  Zergling x2  
  36  3:47  Zergling x2  
  37  3:56  Zergling x2  
  37  3:57  Drone  
  38  4:05  Lair  
  38  4:10  Overlord, Baneling Nest  
  38  4:14  Extractor  
  38  4:15  Drone  
  36  4:34  Zergling x4  
  36  4:35  Zergling x2  
  36  4:38  Zergling x4  
  40  4:39  Drone x3  
  42  4:57  Zergling x4  
  42  4:58  Drone x3  
  46  5:06  Zergling x2  
  47  5:13  Zergling x4  
  47  5:14  Zergling x2  
  47  5:43  Zergling x10  
  47  5:46  Overlord x4  
  50  5:50  Pneumatized Carapace  
  50  6:05  Drone x2  
  50  6:09  Hatchery  
  50  6:10  Baneling x6  
  50  6:11  Baneling x8  
  51  6:12  Baneling  
  51  6:17  Zergling x2  
  51  6:18  Hatchery, Drone x3  
  54  6:26  Hatchery  
  54  6:30  Hatchery  
  52  6:38  Zergling x4  
  52  6:39  Drone  
  55  7:05  Roach Warren  
  50  7:16  Spire  
  50  7:18  Zergling x2  
  50  7:19  Zergling x10  
  55  7:30  Drone x2  
  55  7:32  Zergling x2  
  55  7:33  Zergling x2  
  51  8:13  Drone x7  
  51  8:14  Drone x5  
  51  8:15  Roach  
  51  8:16  Roach x7  
  51  8:18  Glial Reconstitution  
  79  8:20  Drone  
  79  8:24  Drone  
  81  8:27  Extractor  
  81  8:28  Extractor, Drone x2  
  81  8:29  Drone x2  
  81  8:40  Spore Crawler  
  75  8:42  Spine Crawler  
  75  8:43  Spine Crawler  
  75  8:44  Mutalisk x2  
  75  8:47  Zergling x4  
  75  8:48  Drone x5  
  82  8:49  Drone x3  
  82  8:50  Spore Crawler  
  82  8:52  Spine Crawler  
  82  8:53  Spore Crawler  
  82  8:54  Spine Crawler  
  82  8:55  Spine Crawler, Spore Crawler  
  82  8:56  Spine Crawler  
  82  8:57  Spine Crawler  
  79  9:06  Roach x4  
  79  9:07  Drone x2, Roach  
  91  9:20  Overlord x2  
  91  9:22  Overlord x4  
  91  9:23  Overlord  
  91  9:51  Mutalisk  
  91  9:52  Roach x5  
  103  9:54  Drone  
  103  9:55  Drone x7  
  103  9:56  Drone x4  
  109  10:19  Overseer  
  109  10:21  Spore Crawler  
  108  10:23  Spore Crawler  
  107  10:30  Drone x3  
  108  10:40  Drone x2  
  110  10:43  Drone x7  
  110  10:44  Drone x2  
  99  11:01  Overlord  
  99  11:02  Overlord x4  
  99  11:03  Drone x3  
  102  11:10  Zerg Flyer Weapons Level 1  
  100  11:11  Infestation Pit  
  100  11:15  Drone x3  
  102  11:23  Zergling x6  
  102  11:24  Hatchery, Zergling x6  
  96  11:47  Mutalisk  
  96  11:48  Mutalisk x3, Roach  
  104  11:59  Spine Crawler  
  104  12:00  Spine Crawler  
  98  12:03  Corruptor  
  96  12:13  Mutalisk  
  96  12:14  Mutalisk x4  
  97  12:16  Zergling x8  
  97  12:17  Zergling x10  
  97  12:22  Zergling x2  
  101  12:33  Drone x3  
  104  12:39  Spore Crawler  
  100  12:45  Hatchery  
  100  12:46  Hatchery  
  100  12:47  Hatchery  
  93  12:52  Hatchery  
  93  12:55  Hatchery  
  91  12:59  Spine Crawler  
  91  13:00  Drone x3  
  91  13:01  Drone x6, Spore Crawler  
  91  13:03  Spine Crawler  
  97  13:09  Corruptor x4  
  97  13:10  Corruptor x2  
  109  13:16  Hive  
  109  13:19  Extractor  
  108  13:20  Extractor  
  108  13:21  Extractor  
  108  13:22  Extractor  
  108  13:23  Extractor  
  104  13:35  Hatchery  
  100  13:47  Hatchery  
  95  13:52  Mutalisk  
  95  13:53  Mutalisk x2, Corruptor  
  93  14:14  Corruptor x2  
  93  14:15  Zergling x2  
  93  14:16  Zergling x16  
  106  14:21  Drone x3  
  106  14:22  Drone x2  
  111  14:38  Corruptor  
  111  14:39  Corruptor  
  111  14:40  Zergling x4  
  111  14:41  Drone x2, Zergling x4  
  111  14:42  Drone x4  
  119  14:49  Extractor  
  112  14:53  Drone x2  
  112  14:54  Drone x3, Corruptor x3  
  117  15:10  Mutalisk x2  
  117  15:12  Roach x5  
  117  15:13  Roach x4  
  139  15:17  Spore Crawler  
  139  15:18  Drone x3  
  139  15:19  Drone x7  
  139  15:20  Drone  
  149  15:25  Overseer  
  149  15:26  Corruptor x2  
  149  15:27  Corruptor x2  
  157  15:32  Greater Spire  
  157  15:40  Corruptor x2  
  157  15:41  Corruptor  
  157  15:42  Corruptor  
  163  15:43  Evolution Chamber  
  163  15:44  Zergling x14, Evolution Chamber  
  163  15:45  Zergling x8  
  163  15:46  Drone x6  
  163  15:47  Drone x4  
  163  15:49  Overlord  
  184  15:50  Overlord  
  184  16:12  Spine Crawler  
  184  16:13  Spore Crawler  
  182  16:31  Corruptor x2  
  182  16:32  Hatchery, Corruptor x6  
  189  16:33  Corruptor x2  
  189  16:34  Zergling x2  
  189  16:38  Hatchery  
  183  16:54  Drone  
  183  16:55  Drone x2  
  183  16:57  Brood Lord x3  
  183  16:58  Brood Lord  
  183  17:00  Overlord x5  
  194  17:07  Spine Crawler x2  
  192  17:09  Spore Crawler  
  191  17:27  Hatchery  
  191  17:29  Brood Lord x3  
  200  17:30  Brood Lord x2  
Tags
 
Add a new tag
Caveats
  • Supply blocks, unpowered buildings, or Contaminate may cause inaccurate times.
  • Supply counts are checked every 10 seconds.